 Dungeon Sprint DCSS version 0.17-a0-1691-g18a3847 (webtiles) character file.

232 Kidiri the Covert (level 5, -2/24 HPs)
             Began as a Spriggan Enchanter on Aug 20, 2015.
             Was a Follower of Dithmenos.
             Killed from afar by a burning bush (15 damage)
             ... with a puff of flame
             ... in the Dungeon (Sprint IV: "Fedhas' Mad Dash").
             The game lasted 00:02:38 (703 turns).

Kidiri the Covert (Spriggan Enchanter)               Turns: 703, Time: 00:02:39

Health: -2/24      AC:  4    Str:  4    XL:     5   Next: 73%
Magic:  15/15      EV: 23    Int: 17    God:    Dithmenos [*.....]
Gold:   93         SH:  0    Dex: 17    Spells: 5 memorised, 5 levels left

rFire  . . .     SeeInvis +     o - +0 rapier
rCold  . . .     Clarity  .     b - +1 robe
rNeg   . . .     SustAt   .     (shield restricted)
rPois  .         Gourm    .     (helmet restricted)
rElec  .         Spirit   .     l - +0 cloak
rCorr  .         Warding  .     (gloves unavailable)
rMut   .         NoTele   +     (boots unavailable)
MR     .....                    (no amulet)
Stlth  ++++++....               (no ring)
                                k - ring of invisibility

@: wreathed by umbra, very quick, not resistant to hostile enchantments, very
stealthy
A: unfitting armour, see invisible, herbivore 3, speed 3, slow metabolism 2
a: Renounce Religion, Evoke Invisibility


You were in the Dungeon.
You worshipped Dithmenos.
Dithmenos was aware of your devotion.
You were not hungry.

You visited 1 branch You collected 93 gold pieces.

Inventory:

Hand weapons
 a - a +1 dagger
 o - a +0 rapier (weapon)
Armour
 b - a +1 robe (worn)
 l - a +0 cloak (worn)
Jewellery
 k - a ring of invisibility (left hand)
Scrolls
 j - a scroll of blinking
Potions
 f - a potion of heal wounds
 g - a potion of haste
 h - 2 potions of magic
 i - a potion of berserk rage
Comestibles
 d - a bread ration


   Skills:
 + Level 4.1 Short Blades
 * Level 7.9 Dodging
 * Level 9.3 Stealth
 * Level 6.7 Spellcasting
 + Level 1.5 Conjurations
 + Level 5.8 Hexes
 + Level 2.4 Ice Magic
 - Level 2.4 Invocations
 + Level 3.1 Evocations


You had 5 spell levels left.
You knew the following spells:

 Your Spells              Type           Power        Failure   Level  Hunger
a - Corona                Hex            ####...      1%          1    None
b - Ensorcelled Hibernat  Hex/Ice        ###...       3%          2    None
c - Confuse               Hex            ####....     3%          3    ##.....
d - Tukima's Dance        Hex            ####....     3%          3    ##.....
e - Dazzling Spray        Conj/Hex       ###.....     10%         3    ##.....


Dungeon Overview and Level Annotations

Branches:
Dungeon (1/1)

Altars:
Cheibriados
Dithmenos
Elyvilon
Gozag
Kikubaaqudgha
Makhleb
Nemelex Xobeh
Okawaru
Qazlal
Ru
Sif Muna
Trog
Vehumet
Xom
Yredelemnul
Zin
The Shining One
Beogh
Jiyva
Lugonu

Shops:
D :!


Innate Abilities, Weirdness & Mutations

You are tiny and cannot use many weapons and most armour.
You have supernaturally acute eyesight.
You are a herbivore.
You cover ground extremely quickly.
You need consume almost no food.


Message History

You are engulfed in a cloud of spores!
The wandering mushroom releases spores at you.
You are engulfed in a cloud of spores!
You are confused.
You're too confused to move!
The wandering mushroom releases spores at you!
Ouch! That really hurt!
* * * LOW HITPOINT WARNING * * *
You are engulfed in a cloud of spores!
You are more confused.
The wandering mushroom misses you. The burning bush throws fire at you.
The puff of flame misses you.
Unknown command.
Drink which item? (? for menu, Esc to quit)
You feel better. The burning bush throws fire at you.
The puff of flame hits you!
Ouch! That really hurt!
You die...

####################
.....⌠.#..'.).#.s..#
._._._.'..#:..#.f.P+
_._._._#..###'##.?(#
._._._.#..##∩∩.'@.f#
_....⌠.#############
########


You could see 2 wandering mushrooms, a burning bush and a scorpion (sleeping).

Vanquished Creatures
  A scorpion (D)
  A worker ant (D)
  3 oklob saplings (D)
  2 spriggans (D)
  A river rat (D)
  A rat (D)
  7 fungi (D)
16 creatures vanquished.

Notes
Turn   | Place    | Note
--------------------------------------------------------------
     0 | D        | Kidiri the Spriggan Enchanter began the quest for the Orb.
     0 | D        | Reached XP level 1. HP: 9/9 MP: 5/5
   186 | D        | Reached skill level 5 in Stealth
   189 | D        | Reached XP level 2. HP: 13/13 MP: 5/7
   193 | D        | Learned a level 2 spell: Ensorcelled Hibernation
   210 | D        | Noticed an oklob sapling
   211 | D        | Killed an oklob sapling
   211 | D        | Reached skill level 5 in Dodging
   211 | D        | Reached skill level 6 in Stealth
   211 | D        | Reached skill level 1 in Ice Magic
   211 | D        | Reached XP level 3. HP: 16/16 MP: 7/9
   216 | D        | Learned a level 3 spell: Confuse
   220 | D        | Learned a level 3 spell: Tukima's Dance
   231 | D        | Noticed a worker ant
   236 | D        | Killed a worker ant
   236 | D        | Reached skill level 7 in Stealth
   236 | D        | Reached skill level 5 in Spellcasting
   261 | D        | Learned a level 3 spell: Dazzling Spray
   282 | D        | Found a snail-covered altar of Cheibriados.
   282 | D        | Found a glowing silver altar of Zin.
   282 | D        | Found a white marble altar of Elyvilon.
   285 | D        | Found a viscous altar of Jiyva.
   285 | D        | Found a radiant altar of Vehumet.
   285 | D        | Found a deep blue altar of Sif Muna.
   285 | D        | Found a burning altar of Makhleb.
   285 | D        | Found an ancient bone altar of Kikubaaqudgha.
   285 | D        | Found a bloodstained altar of Trog.
   285 | D        | Found a corrupted altar of Lugonu.
   285 | D        | Found a sacrificial altar of Ru.
   285 | D        | Noticed an oklob sapling priest
   286 | D        | Found a glowing golden altar of the Shining One.
   286 | D        | Found a sparkling altar of Nemelex Xobeh.
   287 | D        | Found a shadowy altar of Dithmenos.
   288 | D        | Found an iron altar of Okawaru.
   288 | D        | Found a shimmering altar of Xom.
   289 | D        | Found an opulent altar of Gozag.
   290 | D        | Found a basalt altar of Yredelemnul.
   290 | D        | Found a roughly hewn altar of Beogh.
   291 | D        | Found a stormy altar of Qazlal.
   296 | D        | Became a worshipper of Dithmenos the Shadowed
   299 | D        | Killed an oklob sapling priest
   299 | D        | Reached skill level 5 in Hexes
   299 | D        | Reached skill level 1 in Invocations
   299 | D        | Reached skill level 1 in Evocations
   299 | D        | Reached XP level 4. HP: 21/21 MP: 9/12
   410 | D        | Noticed an oklob sapling wizard
   413 | D        | Killed an oklob sapling wizard
   413 | D        | Reached skill level 8 in Stealth
   413 | D        | Reached skill level 1 in Conjurations
   413 | D        | Reached XP level 5. HP: 24/24 MP: 10/14
   424 | D        | Noticed a scorpion
   442 | D        | Killed a scorpion
   442 | D        | Reached skill level 9 in Stealth
   691 | D        | Found Givurphaqu's Distillery.
   691 | D        | Found Xuasay Tugru's Book Emporium.
   696 | D        | Noticed a burning bush
   696 | D        | Noticed a wandering mushroom
   697 | D        | Noticed a scorpion
   697 | D        | Noticed a wandering mushroom
   703 | D        | Killed from afar by a burning bush

Vault maps used:
D:        dungeon_sprint_fedhas

Action                   |  1- 3 |  4- 6 || total
-------------------------+-------+-------++-------
Melee: Dagger            |   178 |    10 ||   188
       Rapier            |       |     1 ||     1
 Cast: Ensorcelled Hiber |     2 |       ||     2
       Dazzling Spray    |       |     3 ||     3
 Abil: Evoke Invisibilit |     1 |     1 ||     2
  Use: Scroll            |       |     2 ||     2
       Potion            |       |     1 ||     1
 Stab: Sleeping          |     4 |     3 ||     7
       Invisible         |       |     1 ||     1
